 Dungeon Crawl Stone Soup version 0.31-a0-1338-gb567cfdca4 (webtiles) character file.

Game seed: 14970922580486170576

152 Rennog the Changeling (level 5, -2/49 HPs)
             Began as an Octopode Shapeshifter on Dec 22, 2023.
             Was a Believer of Uskayaw.
             Succumbed to an orc's poison
             ... on level 4 of the Dungeon.
             The game lasted 00:02:21 (2634 turns).

Rennog the Changeling (Octopode Shapeshifter)       Turns: 2634, Time: 00:02:22

Health: -2/49      AC: 22    Str: 15    XL:     5   Next: 34%
Magic:  5/5        EV:  2    Int: 13    God:    Uskayaw [**....]
Gold:   126        SH:  0    Dex: 11    Spells: 4/4 levels left

rFire   . .          .
                       - Unarmed
rCold   . . .        (no shield)
rNeg    . . .        (helmet currently unavailable)
rPois   +            (no amulet)
rElec   .            m - +5 ring of evasion
rCorr   .            (no ring)
SInv    .            (no ring)
Will    .....        (no ring)
Stlth   +            (no ring)
HPRegen 0.28/turn    (no ring)
MPRegen 0.09/turn    (no ring)
                     (no ring)

%: no passive effects
@: lethally poisoned (-2 -> -19), tree-form
A: stationary, stasis, torment immunity, boosted hp, almost no armour,
(amphibious), 8 rings, (camouflage 1), (gelatinous body 1), (nimble swimmer 1),
(tentacles)
a: Renounce Religion, Stomp, Line Pass


You were on level 4 of the Dungeon.
You worshipped Uskayaw.
Uskayaw was noncommittal.
You were a tree.
You visited 1 branch of the dungeon, and saw 4 of its levels.

You collected 126 gold pieces.

Inventory:

Jewellery
 m - a +5 ring of evasion (left branch)
Talismans
 b - a beast talisman
 c - a flux talisman
Wands
 n - a wand of acid (12)
 p - a wand of roots (1)
Scrolls
 d - 2 scrolls of teleportation {unknown}
 g - a scroll of brand weapon {unknown}
 h - 4 scrolls of identify {unknown}
 k - a scroll of summoning {unknown}
 l - a scroll of noise {unknown}
Potions
 a - a potion of lignification
 e - a potion of heal wounds {unknown}
 i - a potion of might {unknown}
 j - a potion of curing {unknown}
 o - a potion of cancellation {unknown}


   Skills:
 - Level 1.0 Fighting
 - Level 2.0 Dodging
 + Level 4.4 Unarmed Combat
 + Level 4.6 Shapeshifting


You had 4 spell levels left.
You didn't know any spells.
Your spell library contained the following spells:

 Spells                   Type           Power      Damage    Failure   Level
 Summon Small Mammal      Summ           0%         N/A       30%         1
 Call Canine Familiar     Summ           0%         N/A       67%         3
 Inner Flame              Hex/Fire       0%         N/A       67%         3
 Summon Guardian Golem    Hex/Summ       0%         N/A       67%         3
 Flame Wave               Conj/Fire      0%         2d4       97%         4
 Sticky Flame             Fire/Alch      0%         2d4       97%         4


Dungeon Overview and Level Annotations

Branches:
Dungeon (4/15)
 Temple: D:4-7

Altars:
Uskayaw
Wu Jian

Shops:
D:2 *


Innate Abilities, Weirdness & Mutations

You are a tree.
Your roots penetrate the ground, keeping you stationary.
You cannot be teleported.
You are immune to unholy pain and torment.
Your maximum health is greatly increased.
You cannot wear most types of armour.
((You are amphibious.))
You can wear up to eight rings at the same time.
((Your skin changes colour to match your surroundings (Stealth+).))
((Your rubbery body absorbs attacks. (AC +1, EV +1)))
((You are camouflaged when in or above water. (Stealth+)))
((You have tentacles for arms and can constrict up to eight enemies at once.))


Message History

A gnoll comes into view. It is wielding a +0 whip.
The gnoll barely misses you.
You see here a +0 whip.
The gnoll shouts!
You tentacle-slap the gnoll but do no damage.
Your grab misses the gnoll. The gnoll hits you with a +0 flail!
You tentacle-slap the gnoll. You grab the gnoll. You squeeze the gnoll.
The gnoll is almost dead.
You constrict the gnoll.
The gnoll struggles to escape constriction.
The kobold barely misses you.
You can now pass through a line of other dancers.
You tentacle-slap the gnoll.
You kill the gnoll!
The orc hits you with a +2 dagger of venom.
You are poisoned.
The kobold closely misses you.
You tentacle-slap the gnoll. Your grab misses the gnoll.
Your squeeze misses the gnoll.
The gnoll is moderately wounded.
You feel very sick.
The orc hits you with a +2 dagger of venom.
You are lethally poisoned!
The gnoll hits you with a +0 flail. The orc hits you with a +0 club.
The kobold hits you with a +0 dagger.
* * * LOW HITPOINT WARNING * * *
Your transformation has ended.
You turn into a tree.
Your roots penetrate the ground.
* * * LOW HITPOINT WARNING * * *
You feel very sick. The orc hits you but does no damage.
You are more poisoned.
The kobold hits you but does no damage. The orc hits you but does no damage.
You smack the gnoll!
You kill the gnoll!
* * * LOW HITPOINT WARNING * * *
You feel very sick. The orc hits you but does no damage.
It was a potion of magic.
Magic courses through your body.
You die...

...# ##...##
##. #o.#
##...## ##
#...###.....#
# #o......#..#
###......##..#
#+##...!...##
#.#
#......o..##
#..
##.#.o#o(##
#.# #...)♣#.#
## #$.#.Kg###
.. #...# #
###.# #.. $..
.#. . ..


You could see a gnoll, 3 orcs and a kobold.

Vanquished Creatures
  Terence (D:2)
  3 adders
  3 gnolls (D:4)
  A bombardier beetle (D:4)
  2 worms
  A dart slug (D:2)
  5 bats
  5 endoplasms
  2 giant cockroaches
  7 goblins
  5 hobgoblins
  4 jackals (D:2)
  2 quokkas (D:1)
  2 ball pythons (D:3)
  2 frilled lizards
  5 kobolds
  7 rats
57 creatures vanquished.

Notes
Turn   | Place    | Note
-------+----------+-------------------------------------------
     0 | D:1      | Rennog the Octopode Shapeshifter began the quest for the
                  | Orb.
     0 | D:1      | Reached XP level 1. HP: 13/13 MP: 1/1
   331 | D:1      | Reached XP level 2. HP: 18/18 MP: 2/2
   921 | D:2      | Reached XP level 3. HP: 15/23 MP: 3/3
   999 | D:2      | Found Orghirgh's General Store.
  1334 | D:2      | Reached XP level 4. HP: 15/28 MP: 4/4
  1441 | D:2      | Found an ornate altar of the Wu Jian Council.
  1452 | D:2      | Noticed Terence
  1457 | D:2      | Killed Terence
  2227 | D:3      | Found a faded altar of an unknown god.
  2278 | D:3      | Prayed at the altar of an unknown god.
  2278 | D:3      | Became a worshipper of Uskayaw the Reveller
  2278 | D:3      | Reached * piety under Uskayaw
  2517 | D:4      | Reached XP level 5. HP: 24/33 MP: 5/5
  2629 | D:4      | Reached ** piety under Uskayaw
  2633 | D:4      | HP: 2/49 [poisoned by an orc]
  2634 | D:4      | Succumbed to an orc's poison

Illustrated notes

Levels and vault maps discovered:
D:1:      mainiacjoe_arrival_oval_in_oval, layout_loops_corners,
          nrook_loot_triangle
D:2:      layout_loops_ring, basic_altar, serial_shops, shop, uniq_terence
D:3:      layout_basic, ebering_ecumenical_altar_abandoned
D:4:      kennysheep_big_flooded_room, layout_layer_cave,
          minmay_temple_entry_glass, eino_tiny_chamber, nicolae_shop_fire_sale
          [nicolae_sub_dead_trees]

Skill      XL: |  1  2  3  4 |
---------------+-------------+-----
Shapeshifting  | 4 |  4.6
Unarmed Combat | 4 |  4.4
Fighting       | |  1.0
Dodging        | |  2.0

Action                     |  1- 3 |  4- 6 || total
---------------------------+-------+-------++-------
  Melee: Unarmed           |    61 |    58 ||   119
         Constrict         |    15 |    13 ||    28
         Tentacles         |    12 |    10 ||    22
         Punch             |     1 |     1 ||     2
    Use: Potion            |       |     2 ||     2
   Stab: Sleeping          |     6 |     2 ||     8
 Armour: Skin              |    27 |    25 ||    52
  Dodge: Dodged            |    37 |    30 ||    67

Table legend: (Time is in decaauts)
 A = Elapsed time spent in this place.
 B = Non-inter-level travel time spent in this place.
 C = Inter-level travel time spent in this place.
 D = Time resting spent in this place.
 E = Time spent auto-exploring this place.
 F = Levels seen in this place.
 G = Mean time per level.
                   A        B        C        D        E       F      G
               +--------+--------+--------+--------+--------+-----+--------+
         Total |   2625 |   2554 |     71 |      0 |   2202 |   4 |  656.2 |
       Dungeon |   2625 |   2554 |     71 |      0 |   2202 |   4 |  656.2 |
               +--------+--------+--------+--------+--------+-----+--------+

Top non-repeatable levels by time:
     D:2: 938 daAuts
     D:1: 881 daAuts
     D:3: 679 daAuts
     D:4: 124 daAuts
